Map: Nightshade LE

Players

LiquidTLO (TLO)

  • Race: Zerg Zerg
  • League: Grandmaster
  • Spawn Location: 5:00

soul - Winner!

  • Race: Terran Terran
  • League: Grandmaster
  • Spawn Location: 11:00

Event: StayAtHomestory Cup #1

VOD

Have the link to the VOD?

Description

Time

  • Played on: April 10, 2020, 4:12 p.m.
  • Length: 14:17

All games in this series

Show
View Real Time Build Order
Export as new Build Order

LiquidTLO Zerg 

Build Orders: Hatch First 

Get SALT Encoding   

  12  0:00  Drone  
  13  0:12  Overlord  
  13  0:17  Drone  
  14  0:31  Drone x2  
  16  0:49  Hatchery  
  15  0:51  Drone  
  15  0:54  Drone  
  17  0:57  Drone  
  18  1:05  Extractor  
  17  1:14  Spawning Pool  
  17  1:17  Drone  
  17  1:19  Drone  
  18  1:28  Drone  
  19  1:38  Drone  
  20  1:50  Overlord  
  20  2:02  Queen x2  
  20  2:04  Metabolic Boost  
  20  2:07  Zergling x2  
  25  2:09  Zergling x2  
  25  2:11  Drone  
  25  2:12  Drone  
  28  2:22  Drone  
  29  2:23  Drone  
  29  2:32  Drone  
  30  2:37  Queen  
  30  2:41  Overlord  
  32  2:46  Overlord  
  32  2:48  Drone  
  33  2:58  Hatchery  
  31  2:59  Drone  
  31  3:02  Drone  
  33  3:06  Drone x2  
  33  3:12  Drone x2  
  37  3:15  Zergling x2  
  37  3:18  Zergling x2  
  39  3:20  Queen  
  39  3:25  Overlord  
  41  3:33  Zergling x2  
  42  3:40  Zergling x6  
  45  3:44  Drone x2  
  45  3:46  Drone  
  48  3:50  Drone  
  48  3:51  Queen  
  48  3:52  Overlord  
  51  4:02  Drone x2  
  53  4:04  Overlord, Drone  
  53  4:05  Drone  
  55  4:13  Drone  
  56  4:21  Drone x2  
  56  4:22  Drone  
  59  4:24  Drone  
  59  4:25  Drone  
  59  4:26  Lair  
  59  4:30  Drone  
  59  4:31  Drone x4  
  66  4:33  Drone, Baneling Nest  
  66  4:35  Evolution Chamber  
  66  4:36  Drone  
  66  4:39  Spore Crawler  
  66  4:40  Spore Crawler  
  66  4:43  Spore Crawler  
  66  4:44  Drone  
  66  4:45  Drone  
  65  4:46  Drone  
  65  4:47  Drone  
  65  4:49  Drone  
  68  4:55  Extractor  
  68  4:56  Evolution Chamber  
  68  4:57  Drone  
  68  4:58  Drone  
  69  5:00  Zergling x2  
  69  5:01  Drone  
  69  5:02  Drone  
  69  5:03  Drone  
  72  5:11  Drone  
  73  5:15  Drone  
  73  5:16  Zerg Ground Armor Level 1  
  73  5:18  Drone x2  
  73  5:20  Drone, Extractor  
  73  5:21  Extractor  
  75  5:22  Drone  
  75  5:23  Drone  
  75  5:26  Drone  
  78  5:29  Centrifical Hooks  
  78  5:34  Drone x2  
  80  5:36  Overlord  
  80  5:40  Overlord  
  80  5:42  Hatchery  
  80  5:43  Overlord  
  80  5:45  Drone  
  80  5:48  Zergling x2  
  81  5:50  Zergling x2  
  81  5:53  Overlord, Zerg Melee Weapons Level 1  
  81  5:55  Zergling x2  
  83  5:58  Zergling x2  
  83  6:01  Zergling x2  
  83  6:03  Zergling x2  
  86  6:04  Zergling x2  
  86  6:05  Zergling x2, Hatchery  
  86  6:07  Queen  
  86  6:08  Zergling x2  
  86  6:10  Zergling x6  
  86  6:11  Zergling x2  
  94  6:13  Zergling x4  
  94  6:16  Zergling x6  
  99  6:19  Zergling x2  
  99  6:23  Baneling x7  
  100  6:26  Zergling x6  
  100  6:29  Zergling x2  
  100  6:31  Zergling x2  
  100  6:32  Zergling x2  
  106  6:34  Burrow  
  106  6:40  Baneling x5  
  106  6:42  Overlord  
  105  6:47  Zergling x2  
  105  6:49  Zergling x2  
  105  6:50  Zergling x2  
  105  6:52  Overlord x2  
  105  6:58  Zergling x4  
  105  6:59  Zergling x12  
  105  7:00  Zergling x2  
  112  7:02  Zergling x2  
  112  7:04  Zergling x2  
  113  7:08  Zergling x2  
  113  7:13  Zergling x2  
  113  7:14  Zergling x2  
  110  7:17  Zergling x4  
  110  7:19  Zergling x2  
  110  7:20  Zergling x2  
  108  7:23  Zergling x2  
  108  7:24  Zergling x4  
  108  7:27  Drone  
  108  7:28  Drone  
  112  7:35  Zergling x6  
  103  7:37  Zergling x2  
  103  7:38  Zergling x2  
  103  7:42  Zergling x2  
  103  7:44  Zergling x4  
  107  7:46  Zergling x2  
  107  7:51  Zergling x2, Zerg Ground Armor Level 2  
  106  7:52  Zerg Melee Weapons Level 2  
  106  7:54  Zergling x2  
  106  7:56  Zergling x6  
  106  7:58  Zergling x2  
  106  7:59  Zergling x14  
  106  8:05  Zergling x4  
  115  8:06  Zergling x2  
  115  8:08  Zergling x2  
  115  8:10  Zergling x2  
  117  8:13  Zergling x2  
  118  8:24  Zergling x2  
  118  8:26  Zergling x14  
  121  8:30  Zergling x2  
  121  8:32  Overlord x2  
  122  8:37  Baneling x9  
  122  8:38  Baneling x7  
  122  8:39  Zergling x2  
  123  8:43  Zergling x2  
  123  8:44  Zergling x4  
  123  8:48  Zergling x2  
  118  8:53  Zergling x10  
  118  8:54  Hatchery  
  118  8:55  Zergling x2  
  121  8:56  Zergling x2  
  121  9:02  Zergling x2  
  123  9:04  Zergling x2  
  123  9:06  Zergling x2  
  110  9:12  Zergling x2  
  110  9:13  Zergling x4  
  110  9:14  Drone x2  
  110  9:15  Drone  
  96  9:26  Zergling x2  
  96  9:30  Zergling x4  
  96  9:31  Zergling x2  
  89  9:32  Zergling x2  
  89  9:34  Zergling x4  
  89  9:35  Zergling x4  
  89  9:38  Zergling x4  
  79  9:39  Zergling x2  
  79  9:40  Drone x2  
  79  9:44  Drone  
  79  9:45  Drone  
  85  9:49  Zergling x2  
  85  9:51  Zergling x2  
  85  9:52  Zergling x2  
  88  9:55  Baneling x2  
  88  9:56  Zergling x2  
  88  9:57  Zergling x2  
  88  9:58  Zergling x2  
  88  10:01  Zergling x4  
  88  10:02  Zergling x2  
  91  10:07  Zergling x4  
  91  10:10  Zergling x2  
  93  10:15  Drone  
  93  10:16  Drone x5  
  98  10:22  Zergling x2  
  98  10:24  Roach Warren, Baneling x7  
  98  10:25  Baneling  
  98  10:27  Zergling x2  
  99  10:29  Zergling x2  
  99  10:30  Zergling x2  
  99  10:32  Zergling x2  
  99  10:33  Overseer  
  99  10:37  Pneumatized Carapace  
  99  10:42  Zergling x2  
  100  10:45  Zergling x16  
  100  10:46  Zergling x2  
  100  10:49  Zergling x2  
  108  10:50  Zergling x2  
  108  10:51  Drone x2  
  108  10:53  Zergling x2  
  108  10:54  Zergling x2  
  113  10:58  Zergling x2  
  113  11:00  Zergling x2  
  113  11:03  Zergling x2  
  116  11:06  Roach  
  116  11:08  Roach  
  116  11:10  Baneling  
  116  11:11  Baneling x4  
  120  11:12  Roach  
  120  11:17  Roach x2  
  126  11:22  Roach  
  126  11:23  Roach x2  
  131  11:26  Zergling x4  
  131  11:27  Roach, Drone x4  
  131  11:29  Roach  
  131  11:30  Drone x6  
  129  11:32  Roach  
  129  11:33  Roach x2  
  129  11:37  Roach  
  118  11:40  Drone  
  118  11:41  Drone x2  
  118  11:44  Spore Crawler, Roach x2  
  118  11:45  Roach x4  
  118  11:47  Ravager x7  
  131  11:49  Zergling x2  
  131  11:50  Zergling x2  
  131  11:54  Drone  
  139  11:57  Zergling x2  
  139  11:58  Overseer  
  139  12:00  Drone  
  141  12:02  Drone  
  141  12:04  Drone  
  141  12:06  Zergling x2  
  141  12:08  Zergling x6  
  143  12:12  Zergling x2  
  143  12:15  Zergling x2  
  145  12:16  Zergling x4  
  145  12:21  Zergling x4  
  146  12:25  Zergling x6  
  146  12:29  Zergling x2  
  147  12:33  Zergling x2  
  143  12:39  Zergling x4  
  143  12:41  Zergling x2  
  140  12:46  Zergling x2  
  140  12:47  Roach  
  140  12:50  Roach  
  119  12:51  Roach  
  119  12:52  Roach  
  119  12:53  Roach  
  119  12:54  Roach x2  
  119  12:55  Roach  
  119  12:56  Roach  
  119  12:57  Zergling x2  
  101  13:06  Zergling x4  
  101  13:07  Roach  
  95  13:13  Zergling x4  
  95  13:16  Roach  
  95  13:18  Zergling x2  
  92  13:24  Zergling x4  
  92  13:25  Drone  
  92  13:35  Ravager  
  92  13:38  Baneling x3  
  92  13:39  Baneling  
  92  13:40  Roach x2, Baneling  
  90  13:47  Zergling x2  
  87  13:49  Zergling x8  
  87  13:51  Zergling x2  
  87  13:54  Ravager  
  87  13:55  Zergling x4  
Show
View Real Time Build Order
Export as new Build Order

soul Terran - Winner!

Build Orders: Liberator Opening, Reaper Expand 

Get SALT Encoding   

  12  0:00  SCV  
  13  0:12  SCV  
  14  0:17  Supply Depot  
  14  0:24  SCV  
  15  0:39  SCV  
  15  0:40  Barracks  
  16  0:45  Refinery  
  16  0:51  SCV  
  17  1:03  SCV  
  18  1:15  SCV  
  19  1:28  Orbital Command  
  19  1:29  Reaper  
  20  1:42  Command Center  
  20  1:50  Supply Depot  
  20  1:54  SCV  
  21  2:00  Marine  
  22  2:06  SCV  
  23  2:11  Factory  
  23  2:17  Refinery  
  23  2:19  SCV  
  24  2:23  Barracks Reactor  
  24  2:33  SCV  
  25  2:50  SCV  
  26  2:55  Orbital Command, Starport  
  26  3:02  SCV  
  27  3:07  Hellion x2  
  27  3:08  Barracks Tech Lab  
  31  3:14  SCV  
  32  3:22  SCV  
  32  3:26  SCV  
  34  3:28  Hellion x2  
  34  3:33  Liberator  
  42  3:34  SCV  
  42  3:38  SCV  
  43  3:42  Supply Depot  
  43  3:43  Supply Depot  
  43  3:45  Stimpack  
  43  3:46  SCV  
  44  3:50  SCV  
  45  3:58  SCV  
  46  4:03  SCV, Marine  
  46  4:04  Hellion x2  
  52  4:11  SCV  
  53  4:18  Command Center  
  53  4:19  Starport Reactor  
  53  4:21  SCV  
  53  4:23  SCV  
  55  4:34  SCV  
  55  4:36  SCV  
  55  4:38  Barracks, Factory Tech Lab  
  57  4:41  Barracks  
  57  4:45  Engineering Bay  
  57  4:46  SCV  
  57  4:47  Engineering Bay  
  57  4:48  SCV  
  59  4:58  SCV, Siege Tank  
  62  5:03  Refinery  
  62  5:04  Supply Depot  
  62  5:05  Refinery  
  62  5:08  SCV  
  62  5:10  SCV  
  62  5:13  Terran Infantry Weapons Level 1, Terran Infantry Armor Level 1  
  64  5:14  Starport Reactor  
  64  5:16  Marine  
  64  5:20  SCV  
  66  5:23  SCV  
  66  5:26  Supply Depot  
  66  5:27  Combat Shield, Marine, Supply Depot  
  68  5:33  Orbital Command  
  68  5:36  SCV  
  68  5:37  Marine x2  
  68  5:39  Marine  
  68  5:41  Marine  
  73  5:45  Marine  
  74  5:50  Medivac  
  74  5:51  Medivac  
  74  5:55  SCV, Marine  
  80  5:59  Siege Tank  
  80  6:03  SCV  
  80  6:04  Orbital Command  
  84  6:07  SCV, Marine  
  84  6:08  Marine  
  84  6:10  Marine x2  
  89  6:12  Marine  
  89  6:15  SCV  
  91  6:19  SCV  
  91  6:24  Supply Depot  
  91  6:25  Marine  
  93  6:26  Marine  
  93  6:28  Medivac  
  93  6:30  SCV x2  
  93  6:31  Marine  
  93  6:32  SCV  
  100  6:39  Medivac  
  102  6:42  SCV x2  
  102  6:44  Barracks  
  102  6:45  SCV  
  102  6:46  Factory, Barracks  
  105  6:54  SCV  
  105  6:55  SCV  
  105  6:58  SCV, Medivac  
  105  7:00  Supply Depot x2, Marine  
  110  7:06  SCV  
  110  7:07  SCV  
  112  7:10  SCV, Supply Depot x2  
  112  7:11  Supply Depot  
  112  7:12  Marine  
  108  7:16  Armory  
  108  7:20  Marine  
  108  7:22  Marine x2  
  92  7:25  Siege Tank  
  92  7:28  Marine  
  91  7:30  SCV, Marine  
  91  7:35  SCV  
  89  7:38  Marine  
  89  7:39  Marine  
  89  7:40  Marine  
  89  7:41  Barracks Reactor  
  89  7:42  Barracks Reactor, Factory Reactor  
  91  7:44  SCV  
  91  7:46  Marine  
  91  7:47  SCV  
  91  7:49  Marine  
  93  7:56  SCV, Marine  
  93  7:57  Marine  
  92  7:59  SCV  
  92  8:01  Widow Mine  
  92  8:03  Drilling Claws  
  95  8:06  Orbital Command  
  95  8:07  Marine x3  
  95  8:08  SCV  
  95  8:11  SCV  
  100  8:18  Supply Depot  
  100  8:20  SCV  
  100  8:22  Widow Mine x3  
  100  8:23  SCV  
  107  8:32  SCV  
  107  8:33  SCV  
  109  8:35  SCV  
  109  8:40  Medivac  
  112  8:43  Widow Mine x2  
  112  8:44  SCV, Widow Mine  
  112  8:45  SCV  
  112  8:47  SCV  
  121  8:48  Liberator  
  121  8:49  Marine  
  124  8:56  SCV, Marine x4  
  124  8:57  SCV  
  124  8:59  SCV  
  131  9:05  Widow Mine  
  131  9:07  Marine  
  131  9:08  Widow Mine  
  131  9:09  Widow Mine  
  129  9:10  Medivac  
  129  9:14  Marine x4  
  123  9:19  SCV  
  123  9:20  Orbital Command  
  123  9:22  SCV  
  111  9:25  Marine  
  111  9:27  Widow Mine  
  102  9:31  Marine x3  
  102  9:32  Marine  
  94  9:38  SCV  
  94  9:43  Marine  
  95  9:49  Marine x4  
  99  9:54  SCV  
  99  9:56  SCV  
  99  9:57  SCV  
  100  10:00  Marine  
  100  10:02  Widow Mine  
  100  10:06  SCV  
  104  10:07  Marine x4  
  104  10:09  SCV x2  
  104  10:10  Widow Mine  
  104  10:12  Widow Mine  
  114  10:18  SCV, Marine  
  114  10:21  SCV  
  117  10:32  SCV x2, Marine  
  117  10:34  Supply Depot x2  
  117  10:35  Marine x2, Widow Mine x3  
  125  10:50  Supply Depot, Terran Infantry Armor Level 2, Terran Infantry Weapons Level 2  
  125  10:51  Supply Depot x2  
  125  10:52  SCV x2  
  125  10:53  SCV, Marauder  
  134  10:57  Widow Mine x2, Sensor Tower  
  136  11:04  Widow Mine  
  136  11:05  SCV  
  136  11:09  Liberator x2  
  136  11:10  Supply Depot  
  143  11:12  Supply Depot  
  143  11:13  SCV  
  144  11:20  Marauder, Marine  
  146  11:42  Widow Mine  
  146  11:45  Marauder, Marine  
  146  11:46  Command Center  
  148  11:47  SCV, Widow Mine  
  148  11:50  SCV, Supply Depot  
  148  11:52  Supply Depot, Medivac  
  148  11:54  Widow Mine  
  147  12:10  Widow Mine x2, Marine x5  
  147  12:12  SCV  
  147  12:15  Siege Tank  
  160  12:28  Marine x5  
  156  12:37  Widow Mine x2  
  148  12:45  Marine x4  
  148  12:46  Marine x5  
  148  12:47  Siege Tank  
  149  12:58  Widow Mine x2  
  135  12:59  Medivac  
  135  13:03  Marine x4  
  135  13:04  Marine x5  
  134  13:11  Orbital Command  
  112  13:19  Widow Mine x2  
  115  13:21  Marine x6  
  115  13:22  Marine x3  
  115  13:25  Medivac  
  126  13:38  Marine x4  
  126  13:39  Marine x2  
  126  13:41  Marine  
  126  13:42  Marine  
  126  13:45  Marine  
  118  13:56  Marine x4  
  118  13:58  Marine  
  118  14:00  SCV  
  124  14:03  SCV  
Tags
 
Add a new tag
Caveats
  • Supply blocks, unpowered buildings, or Contaminate may cause inaccurate times.
  • Supply counts are checked every 10 seconds.